 Dungeon Crawl Stone Soup version 0.28-a0-577-gb193047a1f (webtiles) character file.

Game seed: 9670254781827794904

63 AttackTheMoon the Skirmisher (level 3, -2/31 HPs)
             Began as a Palentonga Monk on Oct 1, 2021.
             Was the Champion of Ignis.
             Slain by Grinder (5 damage)
             ... on level 3 of the Dungeon.
             The game lasted 00:02:06 (2135 turns).

AttackTheMoon the Skirmisher (Palentonga Monk)      Turns: 2135, Time: 00:02:06

Health: -2/31      AC:  4    Str: 15    XL:     3   Next: 89%
Magic:  0/3        EV: 10    Int: 10    God:    Ignis [******]
Gold:   72         SH:  0    Dex: 12    Spells: 2/2 levels left

rFire   + . .      SeeInvis +   a - +1 falchion
rCold   . . .      Faith    .   (no shield)
rNeg    . . .      Spirit   +   b - +0 robe
rPois   .          Reflect  .   (no helmet)
rElec   .          Harm     .   (no cloak)
rCorr   .          Rampage  .   (no gloves)
Will    .....                   (no barding)
Stlth   ++........              g - amulet of guardian spirit
HPRegen 0.10/turn               (no ring)
MPRegen 0.08/turn               (no ring)

@: no status effects
A: large, rugged brown scales 3, see invisible, deformed body, roll 1, armoured
tail
a: Rolling Charge, Renounce Religion, Sea of Fire, Foxfire Swarm, Rising Flame


You were on level 3 of the Dungeon.
You worshipped Ignis.
Ignis was exalted by your worship.
You visited 1 branch of the dungeon, and saw 3 of its levels.

You collected 72 gold pieces.

Inventory:

Hand Weapons
 a - a +1 falchion (weapon)
Armour
 b - a +0 robe (worn)
Jewellery
 g - an amulet of guardian spirit (around neck)
Scrolls
 c - a scroll of blinking


   Skills:
 + Level 3.6 Fighting
 + Level 3.5 Long Blades
 + Level 1.0 Armour
 + Level 2.9 Dodging
 - Level 1.2 Stealth


You had 2 spell levels left.
You didn't know any spells.
Your spell library contained the following spells:

 Spells                   Type           Power      Damage    Failure   Level
 Summon Small Mammal      Summ           0%         N/A       36%         1
 Call Canine Familiar     Summ           0%         N/A       75%         3
 Summon Guardian Golem    Hex/Summ       0%         N/A       75%         3


Dungeon Overview and Level Annotations

Branches:
Dungeon (3/15)

Altars:
Ignis

Annotations:
D:3 Grinder


Innate Abilities, Weirdness & Mutations

You are completely covered in rugged brown scales. (AC +3, +7% HP)
You have supernaturally acute eyesight. (SInv)
Armour fits poorly on your strangely shaped body.
You can roll at nearby foes to attack.
You have a long armoured tail.


Message History

You can move again.
Roll where?
Press: ? - help, Dir - move target, f - Grinder
Aim: Grinder You roll forward with a clatter of scales!
You hit Grinder.
Your tail-slap misses Grinder.
Grinder is lightly wounded.
Grinder hits you.
You writhe in agony.
Grinder hits you!
* * * LOW HITPOINT WARNING * * *
You feel much better. Grinder hits you but does no damage.
You barely miss Grinder.
Grinder is lightly wounded.
Grinder hits you!
You writhe in agony.
You hit Grinder.
Your tail-slap misses Grinder.
Grinder is lightly wounded.
Grinder barely misses you. The worm closely misses you.
You closely miss Grinder.
Your tail-slap misses Grinder.
Grinder is lightly wounded.
Grinder blinks!
You hit the worm. You tail-slap the worm!
The worm is severely wounded.
The worm bites you.
You hit the worm.
The worm is almost dead.
Grinder grins, showing sharp teeth.
The worm closely misses you.
You barely miss the worm.
The worm is almost dead.
You hit the worm.
You kill the worm!
You slash Grinder!
Grinder is moderately wounded.
Grinder hits you!
* * * LOW HITPOINT WARNING * * *
You writhe in agony.
* * * LOW HITPOINT WARNING * * *
You hit Grinder but do no damage.
Grinder is moderately wounded.
Grinder hits you.
You die...

######## ..
........ .##
.####### .#.
.##### ##..
.....# #..#
.....#
#..#########
.....#
#..5@.......
.....#
#.##########
.....#
######.#
##.###
#......# #.#
#.###### #.#
#.#
#.#####.#
#.......#
#########


You could see Grinder.

Vanquished Creatures
  A gnoll (D:1)
  A worm (D:3)
  2 dart slugs (D:1)
  3 orcs (D:3)
  4 bats (D:1)
  5 endoplasms
  2 giant cockroaches (D:1)
  6 goblins
  6 hobgoblins
  3 kobolds
  4 ball pythons
  2 frilled lizards
39 creatures vanquished.

Notes
Turn   | Place    | Note
-------+----------+-------------------------------------------
     0 | D:1      | AttackTheMoon the Palentonga Monk began the quest for the
                  | Orb.
     0 | D:1      | Reached XP level 1. HP: 19/19 MP: 1/1
    69 | D:1      | Reached XP level 2. HP: 16/25 MP: 2/2
   333 | D:1      | Found a faded altar of an unknown god.
   339 | D:1      | Became a worshipper of Ignis, the Dying Flame
   339 | D:1      | Reached ****** piety under Ignis
   635 | D:1      | Reached XP level 3. HP: 28/31 MP: 3/3
  2098 | D:3      | Reached skill level 1 in Armour
  2119 | D:3      | Noticed Grinder
  2119 | D:3      | Paralysed by Grinder for 6 turns
  2135 | D:3      | Slain by Grinder

Illustrated notes

Levels and vault maps discovered:
D:1:      saegor_arrival_simple_e, layout_loops_corners,
          ebering_ecumenical_altar_petrified
D:2:      layout_rooms
D:3:      layout_loops_ring, vehumet_statue,
          mainiacjoe_overflow_small_starburst, uniq_terence, uniq_grinder

Skill      XL: |  1  2  3 |
---------------+----------+-----
Armour         | 1 |  1.0
Fighting       | |  3.6
Long Blades    | |  3.5
Dodging        | |  2.9
Stealth        | |  1.2

Action                   || total
-------------------------++-------
Melee: Falchion          ||    96
       Tailslap          ||    14
 Abil: Rolling Charge    ||     3
  Use: Scroll            ||     5
       Potion            ||     1
 Stab: Sleeping          ||     3
Armor: Robe              ||    19
Dodge: Dodged            ||    46

Table legend: (Time is in decaauts)
 A = Elapsed time spent in this place.
 B = Non-inter-level travel time spent in this place.
 C = Inter-level travel time spent in this place.
 D = Time resting spent in this place.
 E = Time spent auto-exploring this place.
 F = Levels seen in this place.
 G = Mean time per level.
                   A        B        C        D        E       F      G
               +--------+--------+--------+--------+--------+-----+--------+
         Total |   2147 |   2131 |     16 |    321 |   1529 |   3 |  715.7 |
       Dungeon |   2147 |   2131 |     16 |    321 |   1529 |   3 |  715.7 |
               +--------+--------+--------+--------+--------+-----+--------+

Top non-repeatable levels by time:
     D:1: 1649 daAuts
     D:2: 436 daAuts
     D:3: 62 daAuts
